 Dungeon Crawl Stone Soup version 0.17.1-3-g152610e (webtiles) character file.

119714 juanjsm the Unseen (level 16, 81/81 HPs)
             Began as a Spriggan Enchanter on Mar 31, 2016.
             Was the Champion of Ashenzari.
             Drowned
             ... on level 1 of the Shoals on Apr 1, 2016.
             The game lasted 05:50:27 (36318 turns).

juanjsm the Unseen (Spriggan Enchanter)            Turns: 36318, Time: 05:50:27

Health: 81/81      AC:  9    Str:  2    XL:     16   Next: 28%
Magic:  35/35      EV: 33    Int: 22    God:    Ashenzari [******]
Gold:   1229       SH:  8    Dex: 18    Spells: 14 memorised, 1 level left

rFire  . . .     SeeInvis +     C - +5 quick blade (freeze) (curse)
rCold  . . .     Clarity  +     Q - +2 robe {MR+} (curse)
rNeg   . . .     SustAt   .     B - +1 buckler (curse)
rPois  .         Gourm    .     o - +2 hat (curse)
rElec  .         Spirit   .     D - +2 cloak (curse)
rCorr  +         Warding  .     (gloves unavailable)
rMut   .         Stasis   .     (boots unavailable)
MR     ++++.                    F - amulet of resist corrosion (curse)
Stlth  ++++++....               y - ring of protection from magic (curse)
                                E - ring of flight

@: scrying, repel missiles, very quick, incredibly resistant to hostile
enchantments, very stealthy
A: unfitting armour, horns 1, see invisible, herbivore 3, speed 3, slow
metabolism 2, weak 1, evolution 1
a: Scrying, Transfer Knowledge, Renounce Religion, Evoke Flight


You were on level 1 of the Shoals.
You worshipped Ashenzari.
Ashenzari was exalted by your worship.
You were not hungry.

You visited 5 branches of the dungeon, and saw 29 of its levels.
You also visited: Sewer and Bailey.

You collected 3243 gold pieces.
You spent 2014 gold pieces at shops.

Inventory:

Hand Weapons
 C - a cursed +5 quick blade of freezing (weapon)
Armour
 o - a cursed +2 hat (worn)
 B - a cursed +1 buckler (worn)
 D - a cursed +2 cloak (worn)
 Q - a cursed +2 robe of magic resistance (worn)
Jewellery
 b - an uncursed ring of sustain attributes
 i - an uncursed ring of protection from cold
 k - an uncursed amulet of regeneration
 y - a cursed ring of protection from magic (right hand)
 E - a ring of flight (left hand)
 F - a cursed amulet of resist corrosion (around neck)
 K - an uncursed amulet of stasis
 W - a +3 ring of slaying
Wands
 r - a wand of cold (7)
 G - a wand of disintegration (9)
 N - a wand of confusion (18)
 O - a wand of slowing (20)
 P - a wand of heal wounds (8)
 S - a wand of draining (10)
 T - a wand of lightning (10)
 U - a wand of polymorph (6)
Scrolls
 g - 13 scrolls of identify
 h - 9 scrolls of teleportation
 p - a scroll of amnesia
 q - 5 scrolls of recharging
 s - 5 scrolls of magic mapping
 u - 5 scrolls of summoning
 v - a scroll of curse armour
 I - 4 scrolls of fog
 L - 3 scrolls of blinking
 X - a scroll of curse weapon
 Z - 4 scrolls of remove curse
Potions
 a - a potion of invisibility
 c - a potion of mutation
 e - 7 potions of lignification
 f - 5 potions of heal wounds
 j - 19 potions of curing
 l - 4 potions of haste
 m - 5 potions of agility
 t - a potion of might
 z - 3 potions of flight
 M - 2 potions of brilliance
 R - a potion of resistance
 Y - 3 potions of ambrosia
Books
 n - a book of Spatial Translocations

   Spells                             Type                      Level
   a - Apportation                    Translocation                1
   b - Blink                          Translocation                2
   c - Shroud of Golubria             Charms/Translocation         2
   d - Portal Projectile              Translocation                3
   e - Teleport Other                 Translocation                3
   f - Passage of Golubria            Translocation                4
Miscellaneous
 w - a plain deck of wonders
 x - a plain deck of changes {the Mercenary}
 H - a plain deck of wonders {Dowsing, drawn: 1}
 V - a phial of floods (inert)
Comestibles
 d - 21 bread rations


   Skills:
 * Level 7.9 Fighting
 + Level 8.5(12.9) Short Blades
 + Level 12.8(16.9) Dodging
 + Level 20.7(24.1) Stealth
 * Level 2.7(5.2) Shields
 * Level 14.9 Spellcasting
 * Level 4.1(6.9) Conjurations
 + Level 12.7(15.3) Hexes
 + Level 0.2(1.0) Summonings
 + Level 0.4(1.5) Translocations
 * Level 4.8(7.7) Transmutations
   Level 0.2(1.0) Fire Magic
 + Level 5.2(8.2) Ice Magic
 * Level 7.1(10.2) Earth Magic
 + Level 0.2(1.0) Poison Magic
 + Level 8.2(11.2) Evocations


You had one spell level left.
You knew the following spells:

 Your Spells              Type           Power        Failure   Level  Hunger
a - Corona                Hex            ######.      0%          1    None
b - Ensorcelled Hibernat  Hex/Ice        ######       1%          2    None
c - Confuse               Hex            ######..     1%          3    None
d - Dazzling Spray        Conj/Hex       ######..     1%          3    None
e - Tukima's Dance        Hex            ######..     1%          3    None
f - Stone Arrow           Conj/Erth      ######       1%          3    None
g - Throw Icicle          Conj/Ice       ######..     1%          4    None
h - Venom Bolt            Conj/Pois      ####......   24%         5    ###....
i - Invisibility          Hex            ######..     1%          6    #####..
j - Repel Missiles        Chrm/Air       ###...       6%          2    None
k - Apportation           Tloc           ###.......   2%          1    None
l - Statue Form           Trmt/Erth      ######...    17%         6    #####..
m - Ozocubu's Armour      Chrm/Ice       #####...     1%          3    None
n - Summon Butterflies    Summ           ###.....     2%          1    None


Dungeon Overview and Level Annotations

Branches:
Dungeon (15/15)            Temple (1/1) D:7            Lair (8/8) D:8
 Shoals (1/4) Lair:4       Spider (0/4) Lair:6        Slime (0/6) Lair:7
    Orc (4/4) D:11            Elf (0/3) Orc:3        Vaults (0/5) D:14
 Depths (0/5) D:15

Altars:
Ashenzari
Cheibriados
Dithmenos
Elyvilon
Gozag
Kikubaaqudgha
Makhleb
Nemelex Xobeh
Okawaru
Qazlal
Sif Muna
Trog
Vehumet
Xom
Yredelemnul
Zin
The Shining One
Beogh

Shops:
D:6 *   D:9 *   D:14 [   Orc:1 (   Orc:4 [(*:*:%

Annotations:
D:3 Sigmund


Innate Abilities, Weirdness & Mutations

You are tiny and cannot use many weapons and most armour.
You have supernaturally acute eyesight.
You are a herbivore.
You cover ground extremely quickly.
You need consume almost no food.
You have a pair of small horns on your head.
You are weak. (Str -2)
You evolve.


Message History

Moving in this stuff is going to be slow.
You feel very buoyant.
You fly up into the air.
You feel somewhat more hungry.
The helpless centaur fails to defend itself.
You spit the centaur like a pig!!!!! You freeze the centaur!
You kill the centaur!
You hear a splash. x2
Things that are here:
a +1 shortbow of evasion; 22 arrows; a centaur corpse
Found an uncursed ring of sustain attributes.
You see here an uncursed ring of sustain attributes.
You gain astral sight.
You feel slightly more hungry.
You start resting.
Careful!
You are starting to lose your buoyancy.
You start resting.
Magic restored.
You start waiting.
You float gracefully downwards.
You fall into the water!
You sink like a stone!
You drown...
You die...

.≈≈≈≈≈≈≈≈≈≈≈≈≈≈=≈≈≈≈≈≈≈≈
≈ ≈ ≈
#.≈≈≈≈≈≈≈≈≈≈≈≈≈≈≈≈≈≈≈≈≈≈
≈≈≈
.≈≈≈≈≈≈≈≈≈≈≈≈≈≈≈≈≈≈≈≈≈≈≈
≈ ≈
≈≈≈≈≈≈≈≈≈≈≈≈≈≈≈≈≈≈≈≈≈≈≈≈
≈ ≈≈ ≈
≈≈≈≈≈≈≈≈≈≈≈≈≈≈≈≈≈≈≈≈≈≈≈≈
≈ ≈≈ >≈≈≈≈≈
≈≈≈≈≈≈≈≈≈≈≈≈≈≈≈≈≈≈ ≈ ≈≈
≈≈≈≈≈≈ ≈≈≈≈≈≈≈≈≈≈≈≈≈≈≈≈≈≈
≈≈≈ ≈
≈≈≈≈≈≈≈≈≈≈≈≈≈≈≈≈≈≈≈≈≈≈≈≈≈
≈≈≈ ≈≈
≈≈≈≈≈≈≈≈≈≈≈≈≈≈≈≈@≈≈≈≈≈≈≈≈
≈≈≈ ≈≈ ≈≈≈≈≈≈
≈≈≈≈≈≈≈≈≈≈≈≈≈≈≈≈≈ ≈ ≈≈
≈≈≈≈≈≈≈≈≈≈≈≈≈≈≈≈≈≈≈≈≈≈≈≈≈
≈ ≈≈ ≈≈
≈≈≈≈≈≈≈≈≈≈≈≈≈≈≈≈≈≈≈≈≈≈≈≈≈
≈ ≈ ≈≈ ≈≈ ≈≈
≈≈≈≈≈≈≈≈≈≈≈≈≈≈≈≈ ≈ ≈ ≈≈
≈≈≈ ≈≈≈≈≈≈≈≈≈≈≈≈≈≈≈≈ ≈ ≈≈
≈ ≈≈ ≈ ≈≈≈≈≈≈≈≈≈≈≈≈≈≈≈≈ ≈
≈ ** * ###############
******


There were no monsters in sight!

Vanquished Creatures
  Kirke (Shoals:1)
  Maud (D:12)
  Aizul (Shoals:1)
  A caustic shrike zombie (D:15)
  2 orc warlords
  A dire elephant (Lair:8)
  Snorg (Orc:1)
  Fannar (Orc:1)
  Harold (Orc:2)
  10 hydras
  A catoblepas (Lair:8)
  2 dancing weapons (D:14)
  A deep troll shaman (Lair:8)
  3 tengu warriors
  13 death yaks (Lair:8)
  Urug (Orc:4)
  The ghost of theElss the Thaumaturge, a journeyman DECj of Vehumet (D:11)
  An orc high priest (Orc:4)
  Nergalle (Lair:2)
  6 skeletal warriors (D:15)
  An unseen horror (D:11)
  10 hill giants
  7 orc knights
  Pikel (D:6)
  A shadow dragon zombie (D:15)
  A necromancer (D:15)
  An orb spider (shapeshifter) (D:15)
  A wolf spider (Lair:6)
  A manticore (D:15)
  3 ugly things
  A wizard (D:15)
  4 orc sorcerers
  A water nymph (Shoals:1)
  5 griffons
  21 elephants
  A fire giant skeleton (D:15)
  8 black mambas
  3 sirens
  4 centaur skeletons
  A torpor snail (Lair:8)
  16 spiny frogs
  5 yaktaurs (D:15)
  2 efreet
  7 fire drakes
  11 komodo dragons
  3 tengu conjurers
  The ghost of DEFINITELYNOTMATTIAS the Ruffian, an amateur TrMo (D:5)
  A guardian mummy (D:15)
  2 polar bears (Lair:8)
  4 two-headed ogres
  3 merfolk
  A boulder beetle (Lair:8)
  2 jumping spiders (Lair:6)
  6 slime creatures
  4 trolls
  A deep elf mage (D:8)
  A trapdoor spider (D:14)
  A shadow (D:12)
  A wyvern (D:13)
  A golden eye (shapeshifter) (D:15)
  71 yaks
  A redback (Lair:6)
  A redback (shapeshifter) (D:15)
  A water elemental (D:15)
  3 wraiths
  5 basilisks
  A steam dragon (Lair:4)
  A hog (Shoals:1)
  3 hungry ghosts
  15 hippogriffs
  26 wolves
  2 wargs
  5 mottled dragons
  3 vampire mosquitoes (D:14)
  15 porcupines
  14 water moccasins
  A black bear (D:5)
  The ghost of DEFINITELYNOTMATTIAS the Ruffian, an amateur TrMo (D:4)
  6 ogres
  2 wasps
  A swamp drake (Lair:4)
  47 orc warriors
  4 ice beasts
  5 sky beasts
  A spider (Lair:6)
  A necrophage (D:13)
  A boggart (D:13)
  9 centaurs
  11 crocodiles
  A phantom (D:14)
  22 giant frogs
  A brain worm (D:15)
  A big kobold (D:9)
  3 wyvern zombies
  A scorpion (D:12)
  4 electric eels
  19 killer bees
  12 wights
  6 crimson imps
  29 orc priests
  A giant frog zombie (D:5)
  7 lava snakes (D:13)
  19 jellies
  4 giant frog skeletons
  3 hounds
  Jessica (D:2)
  36 orc wizards
  8 worker ants
  5 iguanas
  25 sheep
  3 hound zombies
  9 gnolls
  66 river rats
  17 adders
  A shadow imp (D:8)
  4 oozes
  7 worms
  5 giant geckos
  206 orcs
  3 ball pythons (Sewer)
  6 giant cockroaches
  9 goblins
  10 hobgoblins
  15 kobolds
  5 quokkas
  6 bats
  8 giant newts
  8 jackals (Sewer)
  A quokka zombie (D:8)
  18 rats
  A butterfly (Lair:3)
  4 plants
1076 creatures vanquished.

Vanquished Creatures (collateral kills)
  An orc high priest (Orc:4)
  A vampire mage (D:15)
  A warg (Orc:4)
  An orc warrior (Bailey)
  3 wights (D:7)
  An orc priest (Orc:4)
  A gnoll (D:6)
  5 orcs
14 creatures vanquished.

Vanquished Creatures (others)
  A fire dragon zombie (D:15)
  A human (Shoals:1)
  An orc priest (Orc:3)
  A centaur skeleton (D:6)
  An orc wizard (D:6)
  3 orcs
  A bush (Lair:8)
  28 fungi
  10 plants
47 creatures vanquished.

Grand Total: 1137 creatures vanquished

Notes
Turn   | Place    | Note
--------------------------------------------------------------
     0 | D:1      | juanjsm the Spriggan Enchanter began the quest for the Orb.
     0 | D:1      | Reached XP level 1. HP: 9/9 MP: 5/5
   316 | D:1      | Reached XP level 2. HP: 13/13 MP: 4/6
   320 | D:1      | Learned a level 2 spell: Ensorcelled Hibernation
  1231 | D:2      | Reached skill level 5 in Stealth
  1231 | D:2      | Reached XP level 3. HP: 14/17 MP: 5/8
  1248 | D:2      | Learned a level 3 spell: Confuse
  1255 | D:2      | Found a radiant altar of Vehumet.
  1877 | D:2      | Reached XP level 4. HP: 21/21 MP: 9/9
  1882 | D:2      | Learned a level 3 spell: Dazzling Spray
  1997 | D:2      | Found a faded altar to an unknown god.
  2082 | D:2      | Noticed Jessica
  2093 | D:2      | Killed Jessica
  2093 | D:2      | Reached skill level 1 in Fighting
  2199 | D:2      | Found a deep blue altar of Sif Muna.
  2267 | D:3      | Noticed Sigmund
  2656 | D:2      | Reached skill level 6 in Stealth
  2901 | D:3      | Reached XP level 5. HP: 25/25 MP: 8/11
  3348 | D:2      | Found a bloodstained altar of Trog.
  4122 | D:4      | Reached skill level 7 in Stealth
  4122 | D:4      | Reached XP level 6. HP: 30/30 MP: 12/12
  4170 | D:4      | Found an iron altar of Okawaru.
  4233 | D:4      | Noticed DEFINITELYNOTMATTIAS's ghost (amateur TrMo)
  4316 | D:4      | Killed DEFINITELYNOTMATTIAS's ghost
  4316 | D:4      | Reached skill level 5 in Hexes
  4607 | D:4      | Noticed an ogre
  4609 | D:4      | Killed an ogre
  4726 | D:4      | Found a glowing drain.
  4732 | Sewer    | Entered a sewer
  4805 | Sewer    | Reached XP level 7. HP: 32/34 MP: 3/14
  6489 | D:4      | Learned a level 3 spell: Tukima's Dance
  6532 | D:5      | Entered Level 5 of the Dungeon
  6565 | D:5      | Noticed DEFINITELYNOTMATTIAS's ghost (amateur TrMo)
  6669 | D:5      | Reached skill level 8 in Stealth
  6804 | D:5      | Killed DEFINITELYNOTMATTIAS's ghost
  6907 | D:5      | Reached skill level 9 in Stealth
  6907 | D:5      | Reached skill level 5 in Spellcasting
  6907 | D:5      | Reached XP level 8. HP: 31/38 MP: 2/16
  7283 | D:5      | Gained mutation: You can translocate small distances at will. [potion of beneficial mutation]
  7344 | D:6      | Found a shimmering altar of Xom.
  7351 | D:6      | Found a shattered altar of Ashenzari.
  7371 | D:6      | Reached skill level 10 in Stealth
  7379 | D:6      | Reached skill level 1 in Ice Magic
  7382 | D:6      | Became a worshipper of Ashenzari the Shackled
  7757 | D:6      | Noticed Pikel
  7768 | D:6      | Killed Pikel
  7768 | D:6      | Reached skill level 5 in Short Blades
  7768 | D:6      | Reached skill level 5 in Dodging
  7768 | D:6      | Reached skill level 11 in Stealth
  7768 | D:6      | Reached XP level 9. HP: 40/42 MP: 15/18
  7854 | D:6      | Found Hitralumo's Assorted Antiques.
  8225 | D:7      | Found a shadowy altar of Dithmenos.
  8584 | D:7      | Reached * piety under Ashenzari
  9253 | D:7      | Reached skill level 12 in Stealth
  9494 | D:7      | Identified the +3 ring mail of Spite {*Corrode +Fly rElec} (You found it on level 5 of the Dungeon)
  9768 | D:7      | Found a staircase to the Ecumenical Temple.
  9777 | Temple   | Entered the Ecumenical Temple
 10443 | D:8      | Found an opulent altar of Gozag.
 10443 | D:8      | Found a glowing golden altar of the Shining One.
 10451 | D:8      | Found a stormy altar of Qazlal.
 10841 | D:8      | Reached skill level 13 in Stealth
 11049 | D:8      | Found a staircase to the Lair.
 11402 | D:8      | Reached XP level 10. HP: 35/46 MP: 2/22
 11683 | D:7      | Gained mutation: You possess an exceptional clarity of mind. [potion of mutation]
 11683 | D:7      | Gained mutation: You are resistant to hostile enchantments. [potion of mutation]
 11683 | D:7      | Gained mutation: You are somewhat resistant to further mutation. [potion of mutation]
 11713 | D:8      | Reached skill level 14 in Stealth
 11962 | Lair:1   | Entered Level 1 of the Lair of Beasts
 12001 | Lair:1   | Noticed a black mamba
 12008 | Lair:1   | Killed a black mamba
 12256 | Lair:1   | Noticed a black mamba
 12267 | Lair:1   | Killed a black mamba
 12441 | Lair:1   | Reached skill level 15 in Stealth
 12589 | Lair:2   | Reached ** piety under Ashenzari
 12596 | Lair:2   | Learned a level 3 spell: Stone Arrow
 13048 | Lair:2   | Reached XP level 11. HP: 51/51 MP: 11/24
 13061 | Lair:2   | Noticed Nergalle
 13116 | Lair:2   | Killed Nergalle
 13116 | Lair:2   | Reached skill level 1 in Conjurations
 13210 | Lair:2   | Reached *** piety under Ashenzari
 14060 | Lair:3   | Noticed a seven-headed hydra
 14067 | Lair:3   | Killed a seven-headed hydra
 14067 | Lair:3   | Reached skill level 16 in Stealth
 15489 | Lair:4   | Found a staircase to the Shoals.
 15600 | Lair:4   | Reached skill level 10 in Dodging
 15600 | Lair:4   | Reached XP level 12. HP: 58/58 MP: 23/26
 15637 | Lair:4   | Reached skill level 17 in Stealth
 15747 | Lair:4   | Reached skill level 10 in Spellcasting
 15979 | Lair:4   | Reached skill level 10 in Hexes
 16836 | Lair:4   | Lost mutation: You possess an exceptional clarity of mind. [potion of cure mutation]
 16836 | Lair:4   | Lost mutation: You are somewhat resistant to further mutation. [potion of cure mutation]
 16836 | Lair:4   | Lost mutation: You are resistant to hostile enchantments. [potion of cure mutation]
 16836 | Lair:4   | Lost mutation: You can translocate small distances at will. [potion of cure mutation]
 16985 | Lair:5   | Reached **** piety under Ashenzari
 17090 | Lair:5   | Reached skill level 5 in Fighting
 17090 | Lair:5   | Reached skill level 1 in Evocations
 17122 | Lair:5   | Reached skill level 1 in Earth Magic
 18288 | Lair:6   | Learned a level 4 spell: Throw Icicle
 18294 | Lair:6   | Learned a level 5 spell: Venom Bolt
 18300 | Lair:6   | Learned a level 5 spell: Bolt of Magma
 18507 | Lair:6   | Reached XP level 13. HP: 64/64 MP: 19/29
 18836 | Lair:6   | Reached skill level 18 in Stealth
 18867 | Lair:6   | Reached ***** piety under Ashenzari
 18972 | Lair:6   | Noticed an eight-headed hydra
 18978 | Lair:6   | Noticed a four-headed hydra
 19289 | Lair:6   | Killed an eight-headed hydra
 19513 | Lair:6   | Found a hole to the Spider Nest.
 19667 | Lair:6   | Killed a four-headed hydra
 20142 | Lair:7   | Found a staircase to the Slime Pits.
 20289 | Lair:7   | Reached skill level 5 in Evocations
 20862 | Lair:8   | Entered Level 8 of the Lair of Beasts
 21149 | Lair:8   | Reached XP level 14. HP: 70/70 MP: 31/31
 21412 | Lair:8   | Learned a level 4 spell: Summon Ice Beast
 21763 | Lair:8   | Reached skill level 19 in Stealth
 22228 | Lair:8   | Reached skill level 5 in Earth Magic
 22236 | Lair:8   | Noticed a dire elephant
 22242 | Lair:8   | Killed a dire elephant
 22938 | D:6      | Bought a scroll of teleportation for 87 gold pieces
 22938 | D:6      | Bought a purple potion for 26 gold pieces
 22938 | D:6      | Bought a paperback book for 435 gold pieces
 23109 | D:9      | Found Xerilal's Assorted Antiques.
 23334 | D:9      | Identified the +9 broad axe of the Ass {flame, +Inv}
 23397 | D:9      | Learned a level 1 spell: Apportation
 23413 | D:10     | Entered Level 10 of the Dungeon
 23648 | D:10     | Reached ****** piety under Ashenzari
 24338 | D:11     | Found a staircase to the Orcish Mines.
 24688 | D:11     | Noticed theElss's ghost (journeyman DECj)
 24730 | D:11     | Reached skill level 5 in Ice Magic
 24789 | D:11     | Killed theElss's ghost
 24992 | D:11     | Found a roughly hewn altar of Beogh.
 25155 | Orc:1    | Entered Level 1 of the Orcish Mines
 25174 | Orc:1    | Found Kerhiz's Weapon Boutique.
 25253 | Orc:1    | Noticed Fannar
 25330 | Orc:1    | Noticed Snorg
 25362 | Orc:1    | Killed Snorg
 25533 | Orc:2    | Found a flagged portal.
 25548 | Bailey   | Entered a bailey
 25879 | Bailey   | Gained mutation: You evolve. [potion of beneficial mutation]
 26363 | Orc:2    | Noticed Harold
 26407 | Orc:2    | Killed Harold
 26407 | Orc:2    | Reached XP level 15. HP: 75/75 MP: 7/33
 26911 | Orc:3    | Found a staircase to the Elven Halls.
 27885 | Orc:4    | Entered Level 4 of the Orcish Mines
 27896 | Orc:3    | Gained mutation: You have a pair of small horns on your head. [evolution]
 27971 | Orc:4    | Found Radep's General Store.
 27971 | Orc:4    | Found Mowikask's Book Boutique.
 27977 | Orc:4    | Bought a scroll of amnesia for 38 gold pieces
 27977 | Orc:4    | Bought a scroll of identify for 22 gold pieces
 28003 | Orc:4    | Found Kinlusot's Food Emporium.
 28011 | Orc:4    | Bought a bread ration for 55 gold pieces
 28011 | Orc:4    | Bought a bread ration for 55 gold pieces
 28011 | Orc:4    | Bought a bread ration for 55 gold pieces
 28011 | Orc:4    | Bought a bread ration for 55 gold pieces
 28011 | Orc:4    | Bought a bread ration for 55 gold pieces
 28317 | Orc:4    | Found a roughly hewn altar of Beogh.
 28348 | Orc:4    | Noticed Urug
 28547 | Orc:4    | Killed Urug
 28973 | Orc:4    | Found Oryboocy's Book Boutique.
 29003 | Orc:4    | Found Ilock's Antique Weapon Boutique.
 29206 | Orc:4    | Found Qyakorch's General Store.
 29221 | Orc:4    | Found Wolixoce's Antique Armour Boutique.
 29233 | Orc:4    | Bought a buckler for 81 gold pieces
 29526 | Orc:4    | Bought a potion of flight for 30 gold pieces
 29613 | Orc:1    | Killed Fannar
 29695 | D:12     | Found a roughly hewn altar of Beogh.
 30551 | D:12     | Noticed Maud
 30815 | D:12     | Killed Maud
 30815 | D:12     | Reached skill level 1 in Shields
 31227 | D:12     | Identified the +3 ring mail of the Amoeba {Int+2 SInv}
 31315 | D:12     | Reached skill level 20 in Stealth
 31402 | D:13     | Learned a level 6 spell: Statue Form
 31619 | D:13     | Reached skill level 1 in Transmutations
 32311 | D:14     | Found Canorax's Armour Emporium.
 32317 | D:14     | Found a gate to the Vaults.
 32407 | D:14     | Gained mutation: You are weak. (Str -2) [evolution]
 33203 | D:15     | Entered Level 15 of the Dungeon
 34028 | D:15     | Reached XP level 16. HP: 81/81 MP: 30/35
 34310 | D:15     | Found a staircase to the Depths.
 35202 | Shoals:1 | Entered Level 1 of the Shoals
 35202 | Shoals:1 | Noticed Kirke
 35499 | Orc:4    | Bought a book of Party Tricks for 600 gold pieces
 35507 | Orc:4    | Learned a level 6 spell: Invisibility
 35508 | Orc:4    | Bought a book of Air for 420 gold pieces
 35512 | Orc:4    | Learned a level 2 spell: Repel Missiles
 35525 | Orc:4    | Learned a level 3 spell: Ozocubu's Armour
 35536 | Orc:4    | Learned a level 1 spell: Summon Butterflies
 35870 | Shoals:1 | Killed Kirke
 35885 | Shoals:1 | Noticed Aizul
 35904 | Shoals:1 | Killed Aizul
 36318 | Shoals:1 | Drowned

Action                   |  1- 3 |  4- 6 |  7- 9 | 10-12 | 13-15 | 16-18 || total
-------------------------+-------+-------+-------+-------+-------+-------++-------
Melee: Dagger            |   102 |   204 |   622 |   374 |   189 |       ||  1491
       Quick blade       |       |       |       |       |  1026 |   176 ||  1202
 Cast: Corona            |    11 |     7 |     5 |     8 |     6 |     1 ||    38
       Ensorcelled Hiber |    27 |    37 |    57 |   131 |   361 |    12 ||   625
       Dazzling Spray    |       |     7 |    20 |    30 |   145 |    10 ||   212
       Confuse           |       |     6 |    39 |    35 |   130 |    13 ||   223
       Tukima's Dance    |       |       |     7 |       |     3 |       ||    10
       Throw Icicle      |       |       |       |     2 |     6 |     2 ||    10
       Bolt of Magma     |       |       |       |       |    22 |     1 ||    23
       Apportation       |       |       |       |       |     5 |       ||     5
       Stone Arrow       |       |       |       |       |     4 |     3 ||     7
       Summon Ice Beast  |       |       |       |       |     3 |       ||     3
       Statue Form       |       |       |       |       |       |     2 ||     2
       Invisibility      |       |       |       |       |       |     1 ||     1
       Venom Bolt        |       |       |       |       |       |     1 ||     1
       Ozocubu's Armour  |       |       |       |       |       |     1 ||     1
       Repel Missiles    |       |       |       |       |       |     1 ||     1
       Summon Butterflie |       |       |       |       |       |     1 ||     1
Invok: Scrying           |       |       |       |     5 |     6 |     1 ||    12
 Abil: Evoke Flight      |       |       |       |       |       |     3 ||     3
       End Transformatio |       |       |       |       |       |     1 ||     1
Evoke: Wand              |       |       |     1 |       |     4 |     1 ||     6
       Phial of floods   |       |       |       |       |     1 |     1 ||     2
       Deck              |       |       |       |       |       |     1 ||     1
  Use: Scroll            |     7 |     2 |    15 |     9 |    27 |     4 ||    64
       Potion            |       |     2 |     3 |     8 |     9 |     2 ||    24
 Stab: Sleeping          |    21 |    34 |    47 |   122 |   286 |    17 ||   527
       Distracted        |       |     2 |     2 |     1 |    14 |     1 ||    20
       Confused          |       |     4 |    24 |    24 |    78 |    10 ||   140
       Invisible         |       |     1 |     5 |    16 |    61 |     4 ||    87
  Eat: Bread ration      |       |     1 |     1 |       |       |     1 ||     3
       Royal jelly       |       |     1 |     1 |     2 |     2 |       ||     6
       Fruit             |       |       |     2 |       |    10 |       ||    12
       Pizza             |       |       |       |     1 |     4 |       ||     5
